 Dungeon Crawl Stone Soup version 0.20.1-1-g8b1a95d (webtiles) character file.

123 WiZmei the Chiller (level 5, 0/28 HPs)
             Began as a Gargoyle Ice Elementalist on Nov 30, 2017.
             Was an Initiate of the Shining One.
             Slain by a gnoll
             ... wielding a +0 spear
              (2 damage)
             ... on level 3 of the Dungeon.
             The game lasted 00:09:37 (1881 turns).

WiZmei the Chiller (Gargoyle Ice Elementalist)      Turns: 1881, Time: 00:09:37

Health: 0/28       AC: 14    Str: 13    XL:     5   Next: 7%
Magic:  7/9        EV: 11    Int: 15    God:    the Shining One [......]
Gold:   169        SH:  0    Dex: 10    Spells: 6/10 levels left

rFire    . . .     SeeInvis .   o - +0 falchion
rCold    . . .     Gourm    .   (no shield)
rNeg     + . .     Faith    .   p - +2 ring mail {rPois}
rPois    ∞         Spirit   .   m - +2 hat
rElec    +         Reflect  .   l - +0 cloak
rCorr    .         Harm     .   (no gloves)
MR       .....                  (no boots)
Stlth    +.........             (no amulet)
Regen    0.1/turn               (no ring)
MPRegen  0.2/turn               (no ring)

@: very slightly contaminated, glowing
A: negative energy resistance 1, electricity resistance, unbreathing,
petrification resistance, rot immunity, AC +4
a: Renounce Religion


You were on level 3 of the Dungeon.
You worshipped the Shining One.
The Shining One was noncommittal.
You were not hungry.

You visited 1 branch of the dungeon, and saw 3 of its levels.

You collected 169 gold pieces.

Inventory:

Hand Weapons
 o - a +0 falchion (weapon)
Missiles
 f - 7 tomahawks (quivered)
Armour
 l - a +0 cloak (worn)
 m - a +2 hat (worn)
 p - a +2 ring mail of poison resistance (worn)
Scrolls
 a - 2 scrolls of teleportation {unknown}
 d - a scroll of enchant armour {unknown}
 e - a scroll of enchant weapon {unknown}
 g - 2 scrolls of identify
Potions
 k - a potion of lignification
Books
 b - a book of Frost

   Spells                             Type                      Level
   a - Freeze                         Ice                          1
   b - Throw Frost                    Conjuration/Ice              2
   c - Ozocubu's Armour               Charms/Ice                   3
   d - Throw Icicle                   Conjuration/Ice              4
   e - Summon Ice Beast               Ice/Summoning                4
 n - a book of Cantrips

   Spells                             Type                      Level
   a - Confusing Touch                Hexes                        1
   b - Animate Skeleton               Necromancy                   1
   c - Summon Small Mammal            Summoning                    1
   d - Apportation                    Translocation                1
Comestibles
 c - 2 bread rations
 h - a meat ration
 i - a royal jelly
 j - 3 chunks of flesh


   Skills:
 + Level 0.8 Long Blades
 + Level 0.2 Armour
 + Level 2.1 Dodging
 + Level 2.5 Stealth
 + Level 3.2 Spellcasting
 + Level 1.1 Conjurations
 + Level 4.0 Ice Magic


You had 6 spell levels left.
You knew the following spells:

 Your Spells              Type           Power        Failure   Level  Hunger
a - Freeze                Ice            ##..         9%          1    #......
b - Summon Small Mammal   Summ           #...         38%         1    #......
c - Throw Frost           Conj/Ice       ##....       22%         2    ##.....


Dungeon Overview and Level Annotations

Branches:
Dungeon (3/15)

Altars:
Cheibriados
The Shining One


Innate Abilities, Weirdness & Mutations

You are resistant to torment.
Your stone body is resilient. (AC +4)
You are immune to poison.
You resist negative energy. (rN+)
You are resistant to electric shocks. (rElec)
You can survive without breathing.
You are immune to petrification.
You are immune to rotting.


Message History

You hit the gnoll.
The gnoll is severely wounded.
The gnoll hits you but does no damage. The gnoll barely misses you.
There is a stone staircase leading down here.
Casting: Summon Small Mammal
Confirm with . or Enter, or press ? or * to list all spells.
You miscast Summon Small Mammal.
Nothing appears to happen.
The gnoll hits you from afar with a spear.
* * * LOW HITPOINT WARNING * * *
Unknown command.
The gnoll hits you from afar with a spear.
* * * LOW HITPOINT WARNING * * *
There is a snail-covered altar of Cheibriados here.
The gnoll closely misses you.
Items here: )) [[ a club; a chain mail; a flail; a leather armour
There is a stone staircase leading up here.
The gnoll hits you from afar with a spear.
You die...

### ##### ###
########.###...######.#
g....w.....#.#g)@.....#
#######..#.._..######.#
#..###.#.# #)# #..#
#...# #)# #..# #####
#.# #..# #.# #..# #.#
#..# #)# #.#


You could see a gnoll.

Vanquished Creatures
  4 adders (D:2)
  2 gnolls (D:3)
  A worm (D:3)
  A leopard gecko (D:1)
  7 orcs (D:3)
  6 bats
  2 giant cockroaches
  5 goblins
  10 hobgoblins
  6 jackals (D:2)
  A quokka (D:2)
  6 frilled lizards
  3 kobolds (D:2)
  3 rats
57 creatures vanquished.

Notes
Turn   | Place    | Note
-------+----------+-------------------------------------------
     0 | D:1      | WiZmei the Gargoyle Ice Elementalist began the quest for the Orb.
     0 | D:1      | Reached XP level 1. HP: 10/10 MP: 3/3
   159 | D:1      | Reached XP level 2. HP: 10/15 MP: 0/5
   753 | D:2      | Reached XP level 3. HP: 18/19 MP: 1/6
   999 | D:2      | Reached XP level 4. HP: 20/24 MP: 1/8
  1020 | D:2      | Found a glowing golden altar of the Shining One.
  1023 | D:2      | Became a worshipper of the Shining One
  1451 | D:3      | Found a snail-covered altar of Cheibriados.
  1797 | D:3      | Learned a level 1 spell: Summon Small Mammal
  1800 | D:3      | Learned a level 2 spell: Throw Frost
  1827 | D:3      | Reached skill level 4 in Ice Magic
  1834 | D:3      | Reached XP level 5. HP: 18/28 MP: 7/9
  1873 | D:3      | HP: 1/28 [gnoll/spear (3)]
  1881 | D:3      | Slain by a gnoll

Skill      XL: |  1  2  3  4 |
---------------+-------------+-----
Spellcasting   | 3 |  3.2
Dodging        | 2 |  2.1
Ice Magic      | 4 |  4.0
Long Blades    | |  0.8
Armour         | |  0.2
Stealth        | |  2.5
Conjurations   | |  1.1

Action                   |  1- 3 |  4- 6 || total
-------------------------+-------+-------++-------
Melee: Club              |    12 |       ||    12
       Falchion          |    31 |    54 ||    85
 Cast: Freeze            |    42 |    33 ||    75
       Summon Small Mamm |       |     4 ||     4
  Use: Scroll            |     3 |       ||     3
  Eat: Chunk             |     1 |     3 ||     4
Armor: Ring mail         |    57 |    43 ||   100
       Leather armour    |     7 |       ||     7
Dodge: Dodged            |    75 |    59 ||   134
       Rpst.: Falchion   |    15 |    13 ||    28
